 Dungeon Crawl Stone Soup version 0.27-a0-705-ga0013940fb (webtiles) character file.

Game seed: 10924614600860746987

64 spiderkeys the Poker (level 3, -8/49 HPs)
             Began as a Minotaur Berserker on Mar 22, 2021.
             Was a Believer of Trog.
             Mangled by an ogre
             ... wielding a +0 giant club
              (9 damage)
             ... on level 3 of the Dungeon.
             The game lasted 00:02:48 (2666 turns).

spiderkeys the Poker (Minotaur Berserker)           Turns: 2666, Time: 00:02:49

Health: -8/49      AC:  9    Str: 22    XL:     3   Next: 91%
Magic:  2/2        EV:  7    Int:  4    God:    Trog [**....]
Gold:   103        SH:  5    Dex:  9    Spells: 2/2 levels left

rFire    + . .     SeeInvis .   a - +0 trident
rCold    . . .     Faith    .   d - +2 buckler
rNeg     . . .     Spirit   .   i - +0 chain mail {rF+}
rPois    .         Reflect  .   (helmet restricted)
rElec    .         Harm     .   (no cloak)
rCorr    .         Rampage  .   (no gloves)
Will     .....                  (no boots)
Stlth    ..........             (no amulet)
HPRegen  0.16/turn              (no ring)
MPRegen  0.08/turn              (no ring)

@: berserking, very quick
A: horns 2, retaliatory headbutt
a: Renounce Religion, Berserk, Trog's Hand


You were on level 3 of the Dungeon.
You worshipped Trog.
Trog was pleased with you.
You visited 1 branch of the dungeon, and saw 3 of its levels.

You collected 103 gold pieces.

Inventory:

Hand Weapons
 a - a +0 trident (weapon)
Armour
 d - a +2 buckler (worn)
 i - a +0 chain mail of fire resistance (worn)
Scrolls
 b - a scroll of noise {unknown}
 c - a scroll of identify {unknown}
 f - a scroll of teleportation {unknown}
Potions
 e - a potion of lignification {unknown}
 g - 2 potions of curing {unknown}
 h - 2 potions of brilliance {unknown}
 j - a potion of might {unknown}


   Skills:
 + Level 4.2 Fighting
 * Level 4.7 Polearms
 + Level 3.2 Armour
 - Level 2.1 Dodging
 + Level 1.4 Shields


You had 2 spell levels left.
You didn't know any spells.
Your spell library was empty.

Dungeon Overview and Level Annotations

Branches:
Dungeon (3/15)

Altars:
Okawaru
Qazlal
Trog
Wu Jian

Shops:
D:1 (


Innate Abilities, Weirdness & Mutations

You have a pair of horns on your head.
You reflexively headbutt those who attack you in melee.


Message History

Things that are here:
a +0 dagger; a +0 hunting sling; a +0 robe
There is a stone staircase leading up here.
Things that are here:
a +0 dagger; a +0 hunting sling; 16 stones
Things that are here:
a +0 hunting sling; a +0 dagger; 20 stones
j - a metallic cyan potion Done exploring.
Done exploring.
Done exploring.
No target in view!
No target in view!
Search for what [Enter for "."]? .
There is a stone staircase leading down here.
You climb downwards.
An ooze and an ogre come into view.
The ogre shouts!
The ooze quivers.
Found an escape hatch in the floor.
Found a stone staircase leading down.
There is a stone staircase leading up here.
A giant cockroach comes into view.
You hit the ogre.
You headbutt the ogre, but do no damage.
The ogre is lightly wounded.
The ogre closely misses you.
You hit the ogre but do no damage.
The ogre is lightly wounded.
The giant cockroach waves its antennae.
The ogre hits you with a +0 giant club!!
Ouch! That really hurt!
An orc comes into view. It is wielding a +0 club.
A red film seems to cover your vision as you go berserk!
You feel yourself moving faster!
You feel mighty!
The ogre hits you with a +0 giant club!!
* * * LOW HITPOINT WARNING * * *
You puncture the ogre!
The ogre is heavily wounded.
You block the ooze's attack. The ogre hits you with a +0 giant club!
You die...

# ># ##o# ...#
###...##.
#.B....>.
#O.......
########@......#
.......J##...###
.######.# ..#
#.# ## #.# #.#
#.# #.# #.#


You could see an ogre, an orc, an ooze and a giant cockroach.

Vanquished Creatures
  Robin (D:2)
  A gnoll (D:1)
  2 ball pythons (D:1)
  3 bats
  A giant cockroach (D:2)
  4 hobgoblins
  3 jackals (D:1)
  An ooze (D:1)
  4 quokkas
  2 frilled lizards (D:1)
  12 goblins
  5 rats
39 creatures vanquished.

Notes
Turn   | Place    | Note
-------+----------+-------------------------------------------
     0 | D:1      | spiderkeys the Minotaur Berserker began the quest for the
                  | Orb.
     0 | D:1      | Reached XP level 1. HP: 19/19 MP: 0/0
   350 | D:1      | Reached XP level 2. HP: 27/27 MP: 1/1
   886 | D:1      | Reached XP level 3. HP: 26/33 MP: 2/2
  1211 | D:1      | Found Igos's Antique Weapon Shoppe.
  1384 | D:2      | Noticed Robin
  1603 | D:2      | Reached ** piety under Trog
  1604 | D:2      | Reached skill level 1 in Shields
  1607 | D:2      | Killed Robin
  2096 | D:2      | Found an ornate altar of the Wu Jian Council.
  2149 | D:2      | Found a stormy altar of Qazlal.
  2192 | D:2      | Found a bloodstained altar of Trog.
  2220 | D:2      | Found an iron altar of Okawaru.
  2661 | D:3      | Noticed an ogre
  2665 | D:3      | HP: 1/49 [ogre/+0 giant club (19)]
  2666 | D:3      | Mangled by an ogre

Illustrated notes

Levels and vault maps discovered:
D:1:      dpeg_arrival_simpleton_b, layout_loops_ring, serial_shops, shop,
          minmay_misc_feat_square
D:2:      layout_loops_ring, nicolae_overflow_crystal_walls,
          overflow_temple_1_default, lemuel_round_altar, lemuel_crystal_altar,
          uniq_robin
D:3:      layout_loops_ring

Skill      XL: |  1  2  3 |
---------------+----------+-----
Polearms       | 4 |  4.7
Fighting       | 4 |  4.2
Armour         | 3 |  3.2
Shields        | 1 |  1.4
Dodging        | |  2.1

Action                   || total
-------------------------++-------
Melee: Spear             ||    53
       Headbutt          ||     7
       Trident           ||    50
Invok: Berserk           ||     3
Armor: Animal skin       ||     7
       Chain mail        ||     7
Dodge: Dodged            ||    60
Block: Buckler           ||    18

Table legend: (Time is in decaauts)
 A = Elapsed time spent in this place.
 B = Non-inter-level travel time spent in this place.
 C = Inter-level travel time spent in this place.
 D = Time resting spent in this place.
 E = Time spent auto-exploring this place.
 F = Levels seen in this place.
 G = Mean time per level.
                   A        B        C        D        E       F      G
               +--------+--------+--------+--------+--------+-----+--------+
         Total |   2684 |   2557 |    127 |    718 |   1550 |   3 |  894.7 |
       Dungeon |   2684 |   2557 |    127 |    718 |   1550 |   3 |  894.7 |
               +--------+--------+--------+--------+--------+-----+--------+

Top non-repeatable levels by time:
     D:1: 1409 daAuts
     D:2: 1270 daAuts
     D:3: 5 daAuts
